AoeStats
← AiM | Facu1414

African Clearing

505581010Analyzed
4v4 RM · 22d ago on Sep 10, 2026· 40m 22s· 8 players
Game mode
Random Map
Map size
Large (8 player)
Population
200
Speed
Normal
Resources
Standard
Victory
Conquest
Starting age
Dark Age
Ending age
Imperial Age
RankedLock teamsTeams togetherTeam positionsShared explorationLock speedFull tech treeHidden civsTurbo modeCheats
Victory
Defeat
🇺🇸 Hindustanis · United States
1632
+12
🇺🇸 Mongols · United States
1605
+14
🇨🇳 Wei · China
1563
+15
🇻🇳 Magyars · Vietnam
1488
+19
🇨🇱 Persians · Chile
1666
-19
🇨🇱 Maya · Chile
1619
-18
🇦🇷 Magyars · Argentina
1596
-17
🇨🇱 Lithuanians · Chile
1308
-6
Ohlan100
10:29 Loom
13:26 Feudal Age
17:09 Castle Age
15:00 Double-Bit Axe
18:00 Bow Saw
23:08 Horse Collar
26:34 Scale Barding Armor
27:04 Bloodlines
27:39 Husbandry
27:47 Husbandry
28:43 Heavy Plow
29:43 Forging
30:30 Gold Mining
33:35 Imperial Age
31:42 Wheelbarrow
32:08 Chain Barding Armor
33:19 Gold Shaft Mining
33:22 Grand Trunk Road
34:25 Iron Casting
33:44 Stone Mining
34:54 Plate Barding Armor
34:28 Fletching
35:00 Ballistics
34:19 Heavy Camel Rider
36:05 Chemistry
37:16 Blast Furnace
37:09 Imperial Camel Rider
MooSpecial
14:01 Feudal Age
12:18 Loom
14:04 Feudal Age
20:02 Castle Age
18:29 Double-Bit Axe
24:38 Fletching
30:08 Bodkin Arrow
31:46 Wheelbarrow
32:09 Husbandry
32:46 Bloodlines
34:32 Ballistics
35:46 Padded Archer Armor
37:50 Hand Cart
39:35 Town Watch
42:45 Imperial Age
40:45 Scale Mail Armor
timembh
12:52 Loom
14:37 Feudal Age
16:14 Double-Bit Axe
18:43 Castle Age
20:08 Bow Saw
20:29 Horse Collar
29:40 Bloodlines
30:18 Scale Barding Armor
32:30 Chain Barding Armor
40:08 Corvinian Army
执者如旗
6:05 Loom
14:00 Feudal Age
14:19 Man-at-Arms
19:17 Double-Bit Axe
22:49 Castle Age
36:22 Wheelbarrow
39:24 Horse Collar
AiM | XiøFabrY
3:51 Loom
12:11 Feudal Age
12:40 Double-Bit Axe
21:57 Castle Age
21:10 Horse Collar
21:57 Stone Mining
21:59 Gold Mining
27:12 Sanctity
27:03 Fervor
29:51 Redemption
30:48 Pikeman
33:03 Scale Barding Armor
33:57 Forging
34:32 Bloodlines
34:56 Scale Mail Armor
36:08 Wheelbarrow
35:52 Town Watch
39:16 Imperial Age
37:19 Fletching
37:29 Padded Archer Armor
36:51 Elite Skirmisher
38:00 Squires
38:23 Chain Barding Armor
39:03 Husbandry
41:23 Iron Casting
AiM | EleuieseKa
9:30 Loom
11:48 Feudal Age
12:29 Double-Bit Axe
17:02 Forging
19:21 Horse Collar
21:36 Wheelbarrow
24:40 Castle Age
23:28 Bloodlines
23:51 Scale Barding Armor
26:02 Chain Barding Armor
31:04 Husbandry
32:24 Hand Cart
39:48 Imperial Age
AiM | Facu1414
11:10 Loom
13:18 Feudal Age
17:41 Castle Age
15:31 Double-Bit Axe
16:45 Scale Barding Armor
22:00 Husbandry
24:51 Chain Barding Armor
25:18 Horse Collar
26:43 Bloodlines
28:02 Town Watch
31:03 Wheelbarrow
33:27 Bow Saw
33:08 Gold Mining
34:08 Hand Cart
35:07 Heavy Plow
35:44 Gold Shaft Mining
35:22 Stone Mining
41:37 Imperial Age
AiM | Shuffle
10:58 Loom
12:44 Feudal Age
13:32 Feudal Age
14:32 Loom
17:13 Castle Age
15:28 Gold Mining
16:38 Double-Bit Axe
18:45 Bow Saw
19:09 Fletching
22:55 Bodkin Arrow
23:43 Padded Archer Armor
25:26 Wheelbarrow
25:44 Stone Mining
32:57 Ballistics
33:17 Leather Archer Armor
39:04 Imperial Age
37:14 Leather Archer Armor
37:00 Horse Collar
37:53 Thumb Ring
38:26 Heavy Plow
39:46 Bracer
40:49 Chemistry
Connection lost

Rejoining the realm…

Still unreachable

The connection could not be restored.

Session expired

The server has moved on; the page needs a fresh start.